Map: Apotheosis LE

Players

KIWIBSC - Winner!

  • Race: Terran Terran
  • League: Platinum

Nickos

  • Race: Terran Terran
  • League: Gold

VOD

Have the link to the VOD?

Description

Time

  • Played on: Oct. 2, 2016, 5:40 a.m.
  • Length: 14:34
Show
View Real Time Build Order
Export as new Build Order

KIWIBSC Terran - Winner!

Build Orders: Liberator Opening, Reaper Expand 

Get SALT Encoding   

  12  0:01  SCV  
  13  0:13  SCV  
  14  0:25  SCV  
  14  0:26  Supply Depot  
  15  0:32  Refinery  
  15  0:48  SCV  
  16  0:51  Barracks  
  16  1:00  SCV  
  17  1:12  SCV  
  18  1:24  SCV  
  19  1:35  Command Center  
  19  1:39  Reaper  
  20  1:41  SCV  
  21  1:56  Factory  
  21  2:00  Orbital Command  
  21  2:06  Refinery  
  21  2:11  Reaper  
  22  2:24  Supply Depot  
  22  2:34  SCV  
  23  3:00  Orbital Command, SCV  
  23  3:03  Factory Tech Lab  
  24  3:05  Starport  
  24  3:09  Refinery  
  24  3:12  Refinery, SCV  
  25  3:13  Barracks Reactor  
  25  3:24  SCV  
  26  3:36  SCV  
  27  3:45  Liberator x2  
  27  3:48  SCV  
  28  3:52  SCV  
  28  3:53  Siege Tank  
  31  4:00  Supply Depot, SCV  
  38  4:05  SCV  
  39  4:12  SCV  
  40  4:17  SCV  
  41  4:25  Siege Tank  
  41  4:26  SCV  
  41  4:28  Supply Depot  
  45  4:31  SCV  
  45  4:33  Liberator  
  45  4:34  Armory  
  46  4:43  SCV x2  
  51  4:54  Medivac  
  51  4:56  SCV x2  
  55  5:09  Supply Depot, SCV x2  
  57  5:17  Starport  
  58  5:21  SCV x2  
  58  5:28  Factory Tech Lab  
  59  5:33  SCV x2  
  61  5:40  Command Center  
  61  5:45  SCV x2  
  63  5:56  Command Center  
  63  5:57  SCV x2  
  65  6:09  SCV  
  63  6:25  SCV x2  
  62  6:37  SCV  
  60  6:47  SCV  
  60  6:49  SCV  
  60  6:51  Fusion Core, Terran Ship Weapons Level 1  
  62  6:55  Armory  
  62  6:57  Starport x2  
  62  6:58  Siege Tank  
  59  7:07  SCV x2  
  61  7:09  Supply Depot  
  61  7:17  Orbital Command  
  61  7:19  SCV x2  
  61  7:21  Command Center  
  63  7:26  Refinery  
  63  7:32  Engineering Bay  
  63  7:36  Refinery  
  63  7:42  Battlecruiser  
  63  7:44  Battlecruiser  
  74  7:46  Starport Tech Lab  
  74  7:50  SCV  
  74  7:51  SCV  
  76  7:53  SCV  
  76  7:54  Terran Vehicle And Ship Armor Level 1  
  77  8:02  SCV  
  77  8:03  SCV  
  79  8:06  SCV  
  80  8:15  SCV  
  80  8:18  Orbital Command, Sensor Tower  
  81  8:23  Battlecruiser  
  80  8:29  Planetary Fortress  
  75  8:40  Missile Turret  
  75  8:41  Missile Turret  
  75  8:42  Missile Turret, SCV x2  
  75  8:46  Battlecruiser  
  75  8:48  Missile Turret, Battlecruiser  
  88  9:02  SCV  
  85  9:03  Orbital Command  
  85  9:23  Starport Tech Lab  
  85  9:25  SCV  
  85  9:31  Command Center  
  86  9:32  Command Center  
  86  9:37  Missile Turret, SCV x2  
  88  9:40  Sensor Tower, SCV  
  88  9:41  SCV  
  90  10:09  SCV  
  90  10:10  SCV  
  90  10:12  Orbital Command  
  93  10:21  Refinery  
  92  10:24  Refinery x2  
  92  10:27  Sensor Tower  
  92  10:28  Refinery  
  92  10:30  Refinery  
  92  10:32  Refinery, SCV x2  
  92  10:35  SCV x2  
  95  10:36  Battlecruiser  
  95  10:37  Battlecruiser x2  
  95  10:40  Terran Vehicle And Ship Armor Level 2, Terran Ship Weapons Level 2  
  112  10:44  SCV x2  
  112  10:45  Missile Turret  
  112  10:46  Supply Depot  
  112  10:48  Supply Depot  
  112  11:00  SCV x2  
  114  11:10  SCV x4  
  117  11:15  SCV  
  117  11:16  Missile Turret, SCV  
  119  11:18  Sensor Tower  
  99  11:44  Battlecruiser x3  
  107  12:05  Battlecruiser  
  105  12:21  Missile Turret  
  105  12:22  Missile Turret  
  86  12:55  Battlecruiser  
  86  12:56  Battlecruiser x2  
  101  13:01  Missile Turret  
  107  13:35  SCV x2  
  109  13:44  Refinery  
  109  13:45  Orbital Command  
  110  13:48  SCV x3  
  110  13:49  SCV  
Show
View Real Time Build Order
Export as new Build Order

Nickos Terran 

Build Orders: Reaper Expand 

Get SALT Encoding   

  12  0:00  SCV  
  13  0:13  SCV  
  14  0:18  Supply Depot  
  14  0:25  SCV  
  15  0:40  SCV  
  15  0:42  Barracks  
  16  0:44  Refinery  
  16  0:52  SCV  
  17  1:04  SCV  
  18  1:16  SCV  
  19  1:28  Reaper  
  19  1:29  Orbital Command  
  20  1:45  Command Center  
  20  1:55  SCV  
  20  2:00  Barracks  
  21  2:05  Barracks Reactor  
  21  2:08  Supply Depot  
  21  2:13  SCV  
  22  2:25  SCV  
  22  2:26  Factory  
  23  2:37  SCV  
  23  2:42  Marine x2  
  26  2:49  SCV  
  27  2:56  Barracks Tech Lab  
  27  3:01  Orbital Command  
  27  3:05  SCV  
  28  3:07  Refinery  
  28  3:14  Marine x2  
  28  3:15  Marine  
  31  3:22  Starport  
  31  3:33  SCV x2  
  32  3:45  SCV x2  
  32  3:46  Marine x3  
  32  3:48  Factory Reactor  
  36  3:57  SCV  
  36  3:58  Stimpack, SCV  
  36  3:59  Supply Depot  
  38  4:04  Marine  
  39  4:13  Barracks  
  39  4:14  Barracks  
  39  4:16  Engineering Bay  
  39  4:17  Engineering Bay  
  39  4:19  Refinery  
  39  4:21  SCV x2  
  41  4:30  Marine x3  
  44  4:36  SCV x2  
  46  4:48  SCV, Marine  
  46  4:50  Supply Depot  
  46  4:51  Terran Infantry Weapons Level 1  
  48  4:53  Terran Infantry Armor Level 1, Supply Depot  
  48  5:01  SCV x2  
  48  5:02  Marine  
  48  5:04  Barracks Reactor x2  
  51  5:07  Factory Tech Lab  
  51  5:11  Marine  
  51  5:13  Medivac, SCV  
  51  5:14  SCV  
  56  5:21  Supply Depot  
  56  5:23  Supply Depot  
  56  5:25  SCV  
  56  5:28  SCV  
  58  5:29  Marauder  
  58  5:33  Siege Tank  
  63  5:36  Marine  
  63  5:38  SCV  
  65  5:43  SCV  
  65  5:46  Marine  
  65  5:47  Marine  
  63  5:50  SCV  
  63  5:56  SCV  
  44  6:22  Marine x3  
  44  6:23  Marine x3  
  44  6:24  Marine  
  41  6:40  Marine x3  
  41  6:41  Marine x4  
  41  6:42  Liberator  
  46  6:51  Liberator  
  44  6:58  Marine x4  
  44  6:59  Marine x3  
  57  7:15  Marine  
  57  7:16  Marine x4  
  57  7:17  Marine x2  
  57  7:18  Supply Depot  
  57  7:21  Armory  
  64  7:27  Supply Depot  
  64  7:33  Marine  
  64  7:34  Marine  
  66  7:39  Marine x2  
  68  7:44  SCV  
  68  7:45  SCV  
  68  7:50  Marine x2  
  72  7:55  Marine x2  
  74  7:58  SCV  
  74  8:00  SCV  
  76  8:11  SCV  
  77  8:17  Marine x2  
  77  8:18  Marine x4  
  83  8:24  Marine  
  83  8:25  Medivac x2  
  88  8:35  Marine x2  
  90  8:52  Marine x2  
  90  8:53  Marine  
  90  8:55  Medivac  
  83  9:09  Starport  
  83  9:10  Starport  
  83  9:11  Starport  
  83  9:12  Starport  
  83  9:13  Marine x2  
  83  9:14  Marine x2  
  87  9:18  Viking  
  87  9:19  Command Center, Marine x2  
  91  9:28  Cyclone  
  95  9:47  Marine x4  
  95  9:48  Marine x2  
  95  9:50  SCV  
  102  10:19  Terran Infantry Weapons Level 2  
  102  10:31  SCV x2, Viking, Marine x3  
  109  10:35  Orbital Command  
  108  10:57  Marine x2  
  108  10:58  Marine x3  
  108  10:59  Marine x2  
  108  11:01  Viking  
  117  11:09  Viking  
  117  11:24  Viking  
  117  11:28  Marine x2  
  117  11:29  Viking, Marine x2  
  117  11:30  Viking x2  
  113  11:36  Marine  
  113  11:37  Marine x2  
  113  11:38  Viking  
  113  11:39  Viking  
  107  11:46  Marine  
  102  11:48  Marine x3  
  104  11:54  Viking, Marine x2  
  104  11:55  Marine  
  104  11:59  Viking  
  104  12:00  Viking x2  
  115  12:04  Marine  
  115  12:05  Marine  
  117  12:14  Marine x3  
  114  12:17  Marine x2  
  114  12:22  Marine  
  117  12:28  Marine  
  115  12:32  Marine  
  106  12:38  Marine x4  
  106  12:39  Marine  
  106  12:40  Viking  
  104  12:46  Marine  
  104  12:50  Marine  
  100  12:55  Marine  
  100  12:56  Marine  
  100  13:01  Marine x2  
  90  13:06  Marine x2  
  90  13:08  Viking x3, Marine  
  87  13:13  Marine x2  
  87  13:19  Marine x2  
  78  13:24  Marine x2  
  80  13:31  Marine x3  
  81  13:37  Marine x2  
  81  13:39  Viking  
  85  13:42  Marine x2  
  87  13:55  Orbital Command  
Tags
 
Add a new tag
Caveats
  • Supply blocks, unpowered buildings, or Contaminate may cause inaccurate times.
  • Supply counts are checked every 10 seconds.